AoeStats
← jfdsago

Arabian Desert

510838710Analyzed
1v1 RM · 12h ago on Oct 2, 2026· 57m 10s· 2 players
Game mode
Random Map
Map size
Tiny (2 player)
Population
200
Speed
Normal
Resources
Standard
Victory
Conquest
Starting age
Dark Age
Ending age
Imperial Age
RankedLock teamsTeams togetherTeam positionsShared explorationLock speedFull tech treeHidden civsTurbo modeCheats
Victory
Defeat
🇹🇼 Huns · Taiwan
738
+21
🇺🇸 Magyars · United States
715
-15
dogman
10:06 Feudal Age
10:54 Double-Bit Axe
10:56 Horse Collar
11:02 Man-at-Arms
13:01 Loom
14:18 Wheelbarrow
21:24 Castle Age
19:36 Fletching
20:56 Padded Archer Armor
21:40 Gold Mining
22:29 Thumb Ring
22:37 Heavy Plow
24:47 Crossbowman
25:53 Ballistics
27:24 Bow Saw
28:01 Pikeman
29:21 Scale Mail Armor
31:29 Chain Mail Armor
32:27 Bodkin Arrow
35:03 Hand Cart
34:34 Town Watch
38:43 Imperial Age
38:54 Town Patrol
39:13 Leather Archer Armor
42:00 Bracer
42:30 Ring Archer Armor
41:26 Halberdier
41:28 Arbalester
49:53 Scale Barding Armor
50:30 Elite Skirmisher
55:14 Corvinian Army
jfdsago
11:32 Feudal Age
11:59 Man-at-Arms
14:19 Loom
15:34 Double-Bit Axe
24:56 Castle Age
23:05 Gold Mining
23:00 Horse Collar
24:08 Stone Mining
24:11 Fletching
25:16 Bloodlines
26:53 Bow Saw
30:04 Wheelbarrow
29:15 Town Watch
31:49 Hand Cart
33:16 Husbandry
33:25 Scale Barding Armor
40:57 Light Cavalry
42:45 Squires
42:32 Arson
42:10 Pikeman
46:02 Imperial Age
44:49 Marauders
44:14 Elite Skirmisher
49:53 Conscription
50:31 Chain Barding Armor
53:06 Bodkin Arrow
53:23 Forging
53:14 Padded Archer Armor
53:17 Scale Mail Armor
52:49 Elite Tarkan
57:03 Ballistics
57:44 Chemistry
56:55 Masonry
57:42 Bracer
Connection lost

Rejoining the realm…

Still unreachable

The connection could not be restored.

Session expired

The server has moved on; the page needs a fresh start.